 Dungeon Crawl Stone Soup version 0.25-a0-85-g7617fd2bc2 (webtiles) character file.

Game seed: 18144574104711259594, levelgen mode: deterministic

80445 MrRokkomies the Brawler (level 15, -3/136 HPs)
             Began as a Ghoul Monk on Nov 8, 2019.
             Was the Champion of Cheibriados.
             Slain by a vault guard
             ... wielding a +0 glaive
              (12 damage)
             ... on level 14 of the Dungeon.
             The game lasted 00:56:24 (22245 turns).

MrRokkomies the Brawler (Ghoul Monk)               Turns: 22245, Time: 00:56:26

Health: -3/136     AC: 19    Str: 37    XL:     15   Next: 67%
Magic:  0/29       EV: 20    Int: 24    God:    Cheibriados [******]
Gold:   499        SH:  0    Dex: 36    Spells: 14/14 levels left

rFire    + . .     SeeInvis +     - Unarmed
rCold    + + .     Gourm    .   (no shield)
rNeg     + + +     Faith    .   c - +1 plate armour {rC+}
rPois    ∞         Spirit   +   G - +1 helmet
rElec    +         Reflect  .   K - scarf {repulsion}
rCorr    .         Harm     .   (no gloves)
MR       +....                  j - +0 pair of boots
Stlth    ..........             M - amulet "Bynecen" {Spirit rElec rF+ MP+9 Int+2}
HPRegen  0.00/turn              O - ring of Xom's Reproof {Str+3 Dex+4 SInv}
MPRegen  0.21/turn              m - +3 ring of slaying

@: agile, rotting, repel missiles, very slow
A: rotting body, claws 1, carnivore, cold resistance 1, negative energy
resistance 3, inhibited regeneration, torment resistance, unbreathing
a: Bend Time, Temporal Distortion, Slouch, Step From Time, Renounce Religion


You were on level 14 of the Dungeon.
You worshipped Cheibriados.
Cheibriados was exalted by your worship.
You were not hungry.

You visited 3 branches of the dungeon, and saw 22 of its levels.
You also visited: Bailey.

You collected 2404 gold pieces.
You spent 1905 gold pieces at shops.

Inventory:

Hand Weapons
 b - a +3 shortbow of venom
Missiles
 i - 44 poisoned darts (quivered)
 l - 271 arrows
 t - 6 throwing nets
 z - 9 curare-tipped darts
Armour
 c - a +1 plate armour of cold resistance (worn)
 d - a +0 cloak
 j - a +0 pair of boots (worn)
 G - a +1 helmet (worn)
 K - a scarf of repulsion (worn)
Jewellery
 m - a +3 ring of slaying (right claw)
 M - the amulet "Bynecen" (around neck) {Spirit rElec rF+ MP+9 Int+2}
   (You bought it in a shop on level 2 of the Orcish Mines)

   [amulet of guardian spirit]

   It causes incoming damage to be split between your health and magic.
   It affects your intelligence (+2).
   It protects you from fire.
   It insulates you from electricity.
   It affects your magic capacity (+9).
 O - the ring of Xom's Reproof (left claw) {Str+3 Dex+4 SInv}
   (You found it on level 14 of the Dungeon)

   [ring of see invisible]

   It affects your strength (+3).
   It affects your dexterity (+4).
   It lets you see invisible.
Wands
 k - a wand of flame (61)
 n - a wand of scattershot (3)
 o - a wand of digging (9)
 w - a wand of acid (21)
 A - a wand of disintegration (46)
 C - a wand of polymorph (8)
 E - a wand of paralysis (20)
 N - a wand of iceblast (11)
Scrolls
 a - 7 scrolls of identify
 q - a scroll of magic mapping
 s - 10 scrolls of remove curse
 u - 5 scrolls of enchant armour
 v - 2 scrolls of immolation
 y - 3 scrolls of amnesia
Potions
 e - 8 potions of curing
 f - 5 potions of cancellation
 g - 5 potions of brilliance
 p - a potion of mutation
 D - 3 potions of might
 I - a potion of berserk rage {unknown}
 J - a potion of flight
Miscellaneous
 x - a lamp of fire
Comestibles
 h - 36 rations


   Skills:
 * Level 13.3 Fighting
   Level 3.3 Slings
 + Level 10.7 Bows
 - Level 10.0 Armour
 - Level 6.0 Dodging
 - Level 2.1 Stealth
 - Level 15.0 Unarmed Combat
 - Level 8.0 Invocations
 * Level 8.1 Evocations


You had 14 spell levels left.
You didn't know any spells.
Your spell library contained the following spells:

 Spells                   Type           Power        Failure   Level  Hunger
 Flame Tongue             Conj/Fire      #....        58%         1    ##.....
 Infusion                 Chrm           #...         58%         1    ##.....
 Magic Dart               Conj           #...         58%         1    ##.....
 Sting                    Conj/Pois      #...         58%         1    ##.....
 Summon Small Mammal      Summ           #...         58%         1    ##.....
 Call Imp                 Summ           #.......     73%         2    ###....
 Poisonous Vapours        Pois/Air       #.....       73%         2    ###....
 Searing Ray              Conj           #.....       73%         2    ###....
 Shroud of Golubria       Chrm/Tloc      #.....       73%         2    ###....
 Song of Slaying          Chrm           #.......     73%         2    ###....
 Call Canine Familiar     Summ           #.......     91%         3    ####...
 Conjure Flame            Conj/Fire      #.......     91%         3    ####...
 Dazzling Spray           Conj/Hex       #.....       91%         3    ####...
 Inner Flame              Hex/Fire       #.......     91%         3    ####...
 Mephitic Cloud           Conj/Pois/Air  #.......     91%         3    ####...
 Regeneration             Chrm/Necr      #.........   91%         3    ####...
 Spectral Weapon          Hex/Chrm       #.......     91%         3    ####...
 Summon Guardian Golem    Hex/Summ       #.......     91%         3    ####...
 Force Lance              Conj/Tloc      #.......     100%        4    #####..
 Fulminant Prism          Conj/Hex       #.........   100%        4    #####..
 Iskenderun's Mystic Bla  Conj           #.......     100%        4    #####..
 Olgreb's Toxic Radiance  Pois           #.......     100%        4    #####..
 Summon Ice Beast         Ice/Summ       #.......     100%        4    #####..
 Summon Lightning Spire   Summ/Air       #.......     100%        4    #####..
 Bolt of Magma            Conj/Fire/Erth #.........   100%        5    ######.
 Iskenderun's Battlesphe  Conj/Chrm      #.......     100%        5    ######.
 Silence                  Hex/Air        #.........   100%        5    ######.
 Venom Bolt               Conj/Pois      #.........   100%        5    ######.
 Iron Shot                Conj/Erth      #.........   100%        6    #######
 Malign Gateway           Summ/Tloc      #.........   100%        7    #######
 Orb of Destruction       Conj           #.........   100%        7    #######
 Spellforged Servitor     Conj/Summ      #.........   100%        7    #######
 Tornado                  Air            #.........   100%        9    #######


Dungeon Overview and Level Annotations

Branches:
Dungeon (14/15)            Temple (0/1) D:6            Lair (6/6) D:10
  Swamp (0/4) Lair:3        Snake (0/4) Lair:4        Slime (0/5) Lair:6
    Orc (2/2) D:11            Elf (0/3) Orc:2        Bailey (visited)
 Vaults: D:13-14

Altars:
Ashenzari
Cheibriados
Elyvilon
Gozag
Kikubaaqudgha
Makhleb
Nemelex Xobeh
Ru
Sif Muna
Trog
Uskayaw
Vehumet
Xom
Yredelemnul
Zin
The Shining One
Beogh
Jiyva

Shops:
D:4 %   D:10 %   D:12 *   Orc:2 :(=?[

Annotations:
D:5 1 runed translucent door, fly's ghost, novice DEWz
Lair:3 2 transporters, Fudesupn's ghost, journeyman GnFi
Lair:6 1 runed translucent door


Innate Abilities, Weirdness & Mutations

Your body is rotting away.
You thrive on raw meat.
You are immune to poison.
You have sharp fingernails.
You are carnivorous and can eat meat at any time.
Your flesh is cold resistant. (rC+)
You are immune to negative energy. (rN+++)
You do not regenerate when monsters are visible.
You are immune to unholy pain and torment.
You can survive without breathing.


Message History

The vault guard hits you with a +0 battleaxe.
* * * LOW HITPOINT WARNING * * *
You scratch the human.
The human is almost dead.
The vault guard is no longer moving slowly.
The vault guard misses you. The human closely misses you.
The vault guard hits you from afar with a +0 glaive.
* * * LOW HITPOINT WARNING * * *
The human completely misses you.
You barely miss the human.
The human is almost dead.
The vault guard misses you.
The vault guard hits you but does no damage.
You scratch the human.
You kill the human!
Cheibriados appreciates the change of pace.
You feel your dexterity returning.
The vault guard hits you but does no damage.
The vault guard hits you from afar with a +0 glaive!
You die...

..#..................#......#....
^.#########.....#############....
..........#######....#......#....
....#############....#......####'
....# .§§§§≈§#....#..........[
....# +#'#+#'#....#...........
.<..# ......†'....########....
..### .....p.pp...............
..#.# ....†.p@p...............
..#.# +#+#†#'######...........
..#.# #)#................
..#.#############...<###########'
..#..................#......#....
..#..................#......#....
..#..................'.)....#....
..#..................#......#....
..#..................#......#..<.


You could see 4 vault guards and a human.

Vanquished Creatures
  A stone giant (Orc:2)
  Azrael (D:11)
  3 hydras
  Harold (D:8)
  5 catoblepae
  2 two-headed ogres (D:13)
  5 orc high priests (Orc:2)
  A tengu warrior (D:14)
  Urug (D:13)
  11 death yaks
  Sonja (Lair:3)
  2 unseen horrors
  A lindwurm (Lair:4)
  3 orc knights
  2 wolf spider zombies (D:13)
  16 ugly things
  4 orc sorcerers (Orc:2)
  A deep elf mage (D:10)
  5 manticores
  2 cyclopes
  13 elephants
  5 black mambas
  11 spiny frogs
  A torpor snail (Lair:3)
  A rime drake (shapeshifter) (D:13)
  A rime drake (Lair:5)
  A gargoyle (D:13)
  4 komodo dragons
  An efreet (D:14)
  A freezing wraith (D:14)
  Grinder (D:6)
  3 slime creatures (D:14)
  4 trolls
  4 dream sheep (Lair:4)
  8 blink frogs
  10 hippogriffs
  Sigmund (D:3)
  A spriggan (D:7)
  A wraith (D:14)
  2 fire elementals (D:11)
  Grum (D:8)
  7 humans (D:14)
  A basilisk (Lair:3)
  48 yaks
  2 hungry ghosts
  5 wyverns
  12 vampire mosquitoes
  Menkaure (D:6)
  Edmund (D:6)
  A soldier ant (D:12)
  2 nagas (Lair:4)
  8 water moccasins
  An acid dragon (D:8)
  8 porcupines
  3 hell hounds (D:11)
  2 sky beasts
  31 orc warriors
  2 necrophages
  A black bear (D:10)
  2 phantoms (D:8)
  9 wolves
  4 ice beasts
  3 eyes of draining
  10 ogres
  16 crocodiles
  8 centaurs
  6 big kobolds
  14 bullfrogs
  A gnoll sergeant (D:8)
  A water moccasin zombie (D:7)
  3 scorpions
  7 killer bees
  A wyvern skeleton (D:14)
  A water moccasin skeleton (D:8)
  2 howler monkeys
  A vampire bat (D:11)
  4 centaur zombies
  An electric eel (Lair:3)
  5 crimson imps
  6 quasits
  3 bullfrog zombies
  7 hounds
  4 jellies
  19 orc priests
  Crazy Yiuf (D:7)
  A bullfrog skeleton (D:8)
  5 centaur skeletons
  29 orc wizards
  Terence (D:2)
  10 worker ants
  3 iguanas
  2 hell rats (Lair:6)
  3 killer bee zombies
  A hound skeleton (D:7)
  6 gnolls
  A howler monkey skeleton (D:4)
  9 river rats (Lair:6)
  11 adders
  2 shadow imps
  3 oozes
  2 adder zombies (D:9)
  4 worms
  3 dart slugs
  7 leopard geckos
  93 orcs
  A ball python (D:4)
  5 giant cockroaches
  11 hobgoblins
  11 jackals
  33 kobolds
  5 quokkas
  10 bats
  8 frilled lizards
  11 goblins
  A leopard gecko zombie (D:5)
  A quokka skeleton (D:5)
  12 rats
723 creatures vanquished.

Vanquished Creatures (collateral kills)
  2 orc warriors (Bailey)
  An orc (D:5)
3 creatures vanquished.

Vanquished Creatures (others)
  An orc wizard (D:5)
  6 fungi
  10 plants
17 creatures vanquished.

Grand Total: 743 creatures vanquished

Notes
Turn   | Place    | Note
-------+----------+-------------------------------------------
     0 | D:1      | MrRokkomies the Ghoul Monk began the quest for the Orb.
     0 | D:1      | Reached XP level 1. HP: 19/19 MP: 0/0
    28 | D:1      | Reached XP level 2. HP: 16/26 MP: 1/1
   503 | D:1      | Reached XP level 3. HP: 5/33 MP: 2/2
   543 | D:1      | Reached skill level 4 in Unarmed Combat
  1189 | D:2      | Reached XP level 4. HP: 33/40 MP: 3/3
  1212 | D:2      | Found a shimmering altar of Xom.
  1215 | D:2      | Found a shimmering altar of Xom.
  1216 | D:2      | Found a shimmering altar of Xom.
  1218 | D:2      | Found a shimmering altar of Xom.
  1257 | D:2      | Found a shimmering altar of Xom.
  1258 | D:2      | Found a shimmering altar of Xom.
  1259 | D:2      | Found a shimmering altar of Xom.
  1290 | D:2      | Found a glowing golden altar of the Shining One.
  1441 | D:2      | Noticed Terence
  1448 | D:2      | Killed Terence
  1683 | D:3      | Reached skill level 1 in Slings
  1700 | D:2      | Found a hide-covered altar of Uskayaw.
  1769 | D:3      | Reached XP level 5. HP: 40/47 MP: 4/4
  2027 | D:3      | Noticed Sigmund
  2048 | D:3      | Killed Sigmund
  2048 | D:3      | Reached skill level 5 in Fighting
  2048 | D:3      | Reached skill level 5 in Unarmed Combat
  2048 | D:3      | Reached XP level 6. HP: 42/56 MP: 5/5
  2496 | D:4      | Found a white marble altar of Elyvilon.
  2544 | D:4      | Found Itagad's Food Shoppe.
  3021 | D:5      | Entered Level 5 of the Dungeon
  3039 | D:5      | Reached XP level 7. HP: 57/63 MP: 6/6
  3072 | D:5      | Reached skill level 6 in Unarmed Combat
  3079 | D:5      | Found a runed translucent door.
  3079 | D:5      | Noticed a hippogriff
  3079 | D:5      | Noticed fly's ghost (novice DEWz)
  3211 | D:5      | Found a snail-covered altar of Cheibriados.
  3237 | D:5      | HP: 2/63 [orc priest/divine providence (12)]
  3246 | D:5      | HP: 2/63 [ogre/+0 giant club (23)]
  3777 | D:5      | Found an opulent altar of Gozag.
  3779 | D:5      | Found a sparkling altar of Nemelex Xobeh.
  3782 | D:5      | Found a shattered altar of Ashenzari.
  3925 | D:5      | Became a worshipper of Cheibriados the Contemplative
  3925 | D:5      | Reached * piety under Cheibriados
  3925 | D:5      | Reached ** piety under Cheibriados
  3973 | D:6      | Found a burning altar of Makhleb.
  3973 | D:6      | Noticed a balrug
  3979 | D:6      | Noticed a neqoxec
  3979 | D:6      | Noticed a hellwing
  4314 | D:6      | Noticed Menkaure
  4321 | D:6      | Killed Menkaure
  4321 | D:6      | Reached skill level 7 in Unarmed Combat
  4321 | D:6      | Reached XP level 8. HP: 33/73 MP: 7/7
  4565 | D:6      | Found a staircase to the Ecumenical Temple.
  4720 | D:6      | Found an ancient bone altar of Kikubaaqudgha.
  4786 | D:6      | Found a radiant altar of Vehumet.
  4914 | D:6      | Reached skill level 1 in Bows
  5034 | D:6      | Noticed Edmund
  5042 | D:6      | Killed Edmund
  5042 | D:6      | Reached skill level 8 in Unarmed Combat
  5138 | D:6      | Found a bloodstained altar of Trog.
  5138 | D:6      | Noticed Grinder
  5143 | D:6      | Paralysed by Grinder for 5 turns
  5156 | D:6      | Paralysed by Grinder for 3 turns
  5165 | D:6      | Killed Grinder
  5225 | D:6      | Reached XP level 9. HP: 19/82 MP: 4/8
  5797 | D:7      | Reached skill level 9 in Unarmed Combat
  5858 | D:7      | Reached *** piety under Cheibriados
  5945 | D:7      | Found a runed translucent door.
  5946 | D:7      | Noticed Crazy Yiuf
  5954 | D:7      | Killed Crazy Yiuf
  6450 | D:8      | Reached skill level 10 in Fighting
  6471 | D:8      | Reached skill level 10 in Unarmed Combat
  6477 | D:8      | Found a glowing silver altar of Zin.
  6509 | D:8      | Reached **** piety under Cheibriados
  6568 | D:8      | Reached skill level 1 in Armour
  6568 | D:8      | Reached XP level 10. HP: 72/93 MP: 9/9
  6586 | D:8      | Noticed Grum
  6604 | D:8      | Killed Grum
  6706 | D:8      | Noticed Harold
  6715 | D:8      | Killed Harold
  7120 | D:9      | Reached skill level 11 in Unarmed Combat
  7140 | D:9      | Found a flagged portal.
  7172 | Bailey   | Entered a bailey
  7278 | Bailey   | Reached ***** piety under Cheibriados
  7890 | Bailey   | Reached skill level 5 in Bows
  8055 | Bailey   | Found a roughly hewn altar of Beogh.
  8055 | Bailey   | Noticed an orc knight
  8068 | Bailey   | Killed an orc knight
  8068 | Bailey   | Reached skill level 5 in Armour
  8078 | Bailey   | Reached XP level 11. HP: 33/99 MP: 10/10
  8092 | Bailey   | Identified the Handbook of Supportive Conjuration
  8299 | D:9      | Found a shimmering blue altar of Sif Muna.
  8540 | D:10     | Entered Level 10 of the Dungeon
  8541 | D:10     | Noticed a deep elf mage
  8556 | D:10     | Killed a deep elf mage
  8568 | D:10     | Reached skill level 12 in Unarmed Combat
  8593 | D:10     | Found Wiruoloiv's Food Boutique.
  8643 | D:10     | Found a sacrificial altar of Ru.
  8647 | D:10     | Reached skill level 1 in Invocations
  8706 | D:10     | Reached ****** piety under Cheibriados
  8824 | D:10     | Killed an unseen horror
  9285 | D:10     | Found a staircase to the Lair.
  9365 | Lair:1   | Entered Level 1 of the Lair of Beasts
  9582 | Lair:1   | Reached skill level 5 in Invocations
  9832 | Lair:1   | Reached XP level 12. HP: 102/106 MP: 15/15
 11602 | Lair:3   | Noticed a catoblepas
 11839 | Lair:3   | Killed a catoblepas
 11917 | Lair:3   | Noticed Sonja
 12054 | Lair:3   | Killed Sonja
 12173 | Lair:3   | Noticed an eight-headed hydra
 12183 | Lair:3   | Killed an eight-headed hydra
 12318 | Lair:3   | Found a transporter.
 12319 | Lair:3   | Noticed a catoblepas
 12319 | Lair:3   | Noticed Fudesupn's ghost (journeyman GnFi)
 12472 | Lair:3   | Found a staircase to the Swamp.
 12559 | Lair:3   | Reached XP level 13. HP: 113/113 MP: 18/18
 12652 | Lair:3   | Found a transporter.
 12944 | Lair:4   | Found a staircase to the Snake Pit.
 12952 | Lair:4   | Reached skill level 10 in Armour
 13048 | Lair:4   | Reached skill level 13 in Unarmed Combat
 13961 | Lair:5   | Reached skill level 5 in Dodging
 14029 | Lair:5   | Reached skill level 14 in Unarmed Combat
 14604 | Lair:6   | Entered Level 6 of the Lair of Beasts
 14783 | Lair:6   | Identified Wisoam's Handbook of the Volcanoes and Air
 14928 | Lair:6   | Reached XP level 14. HP: 117/121 MP: 19/19
 15116 | Lair:6   | Found a runed translucent door.
 15117 | Lair:6   | Found a viscous altar of Jiyva.
 15118 | Lair:6   | Noticed an azure jelly
 15215 | Lair:6   | Reached skill level 1 in Evocations
 16804 | Lair:6   | Found a staircase to the Slime Pits.
 17020 | D:11     | Found a staircase to the Orcish Mines.
 17109 | D:11     | You fall into a shaft and drop 3 floors!
 17980 | Orc:1    | Entered Level 1 of the Orcish Mines
 17991 | Orc:1    | Reached skill level 15 in Unarmed Combat
 18293 | Orc:2    | Entered Level 2 of the Orcish Mines
 18674 | Orc:2    | Found a roughly hewn altar of Beogh.
 18757 | Orc:2    | Reached skill level 5 in Evocations
 18869 | Orc:2    | Found Plog's Weapon Shop.
 18869 | Orc:2    | Found Lireh's Magic Scroll Boutique.
 18874 | Orc:2    | Reached skill level 10 in Bows
 18882 | Orc:2    | Found Lugeej Afyl's Jewellery Shop.
 18882 | Orc:2    | Found Ekal's Antique Armour Boutique.
 18945 | Orc:2    | Noticed a stone giant
 18962 | Orc:2    | Killed a stone giant
 19470 | Orc:2    | Found a staircase to the Elven Halls.
 19600 | Orc:2    | Paralysed by an orc sorcerer for 3 turns
 19611 | Orc:2    | Reached XP level 15. HP: 75/132 MP: 15/20
 19684 | Orc:2    | Found Witsi's Book Emporium.
 19843 | Orc:2    | Bought a +3 ring of slaying for 720 gold pieces
 19843 | Orc:2    | Bought the amulet "Bynecen" {Spirit rElec rF+ MP+9 Int+2}
                  | for 1185 gold pieces
 19907 | D:12     | Noticed Azrael
 20216 | D:11     | Killed Azrael
 20315 | D:12     | Found Utiepacu's Assorted Antiques.
 20718 | D:13     | Found a basalt altar of Yredelemnul.
 20955 | D:13     | Noticed Urug
 20974 | D:13     | Killed Urug
 21070 | D:13     | Got a distressingly furry plate armour
 21071 | D:13     | Identified the cursed +0 plate armour "Liall" {+Blink} (You
                  | found it on level 13 of the Dungeon)
 21479 | D:14     | Got a transparent platinum ring
 21481 | D:14     | Identified the ring of Xom's Reproof {Str+3 Dex+4 SInv}
                  | (You found it on level 14 of the Dungeon)
 22245 | D:14     | Slain by a vault guard

Levels and vault maps discovered:
D:1:      dpeg_arrival_shelter, layout_loops_corners, minmay_worlds_worst_comb
D:2:      layout_rooms, nicolae_overflow_hidden_temple,
          overflow_temple_1_default, xom_redecorated, uniq_terence
D:3:      layout_basic, uniq_sigmund
D:4:      layout_rooms, elyvilon_altar_1, serial_shops,
          nicolae_shop_statue_plus, first_ration
D:5:      layout_cave_pools, kennysheep_slug_shrine, minitemple,
          ebering_ghost_inner_flame
D:6:      layout_loops_ring, lemuel_coloured_pillars_altar,
          kennysheep_little_box, makhleb_altar_promises_db,
          overflow_temple_1_default, minmay_temple_entry_tees, uniq_edmund,
          uniq_menkaure, uniq_grinder
D:7:      layout_cave_pools, the_bakery, uniq_crazy_yiuf_cottage
D:8:      layout_rooms, nicolae_overflow_crystal_walls, uniq_grum, uniq_harold
D:9:      layout_rooms, overflow_temple_1_default, enter_bailey_7
D:10:     layout_long_grid, lair_entry_dummy, serial_shops, shop, dk_vineyard_1,
          nicolae_ru_sacrificial_ziggurat
D:11:     minmay_spotlight, layout_cave_pools, orc_0_dummy, st_stairs_7,
          roderic_batcave
D:12:     layout_irregular_city, serial_shops, nicolae_shop_behind_doors,
          hex_large, serial_bayou_pond_e, uniq_azrael
D:13:     layout_basic, basic_altar, minmay_joined_circles, uniq_urug
D:14:     layout_grid_maze, ximxim_vaults_locker_room
Lair:1:   layout_layer_cave, grunt_megastairs_1
Lair:2:   layout_cave_pods, grunt_megastairs_4
Lair:3:   layout_regular_city, minmay_swamp_entry_swarm,
          gammafunk_ghost_berserking_beasts, uniq_sonja
Lair:4:   layout_gridlike, guppyfry_snake_entry_garden
Lair:5:   layout_roguey, grunt_forest_stairs_basic, serial_bayou_shore_b
Lair:6:   evilmike_catoblepas_cave, layout_misc_corridors, slime_altar_2,
          kennysheep_rathole, serial_bayou_shore_b
Orc:1:    layout_caves
Orc:2:    st_orc_mages, layout_caves, basic_altar, serial_shops,
          nicolae_shop_behind_doors

Skill      XL: |  1  2  3  4  5  6  7  8  9 10 11 12 13 14 15 |
---------------+----------------------------------------------+-----
Fighting       | 4 5 6 7 8 10 11 13 | 13.3
Unarmed Combat | 4 5 7 8 10 11 12 14 15 | 15.0
Slings         | 1 2 3 |  3.3
Bows           | 2 3 5 6 8 9 10 | 10.7
Armour         | 1 5 7 9 10 | 10.0
Invocations    | 5 8 |  8.0
Dodging        | 6 |  6.0
Evocations     | 5 8 |  8.1
Stealth        | |  2.1

Action                   |  1- 3 |  4- 6 |  7- 9 | 10-12 | 13-15 || total
-------------------------+-------+-------+-------+-------+-------++-------
Melee: Unarmed           |    91 |   215 |   308 |   581 |   885 ||  2080
       Punch             |     1 |     3 |    10 |    50 |   127 ||   191
 Fire: Hunting sling     |     4 |       |    11 |       |       ||    15
       Shortbow          |       |       |       |    87 |   275 ||   362
Throw: Dart              |       |       |    16 |     8 |     4 ||    28
       Throwing net      |       |       |       |     1 |       ||     1
Invok: Bend Time         |       |       |     1 |     4 |     2 ||     7
       Slouch            |       |       |       |       |    11 ||    11
       Temporal Distorti |       |       |       |       |     1 ||     1
Evoke: Wand              |       |       |     9 |     4 |     4 ||    17
       Lamp of fire      |       |       |       |       |     1 ||     1
  Use: Scroll            |       |     7 |     4 |    13 |     6 ||    30
       Potion            |       |       |     6 |     2 |     4 ||    12
 Stab: Sleeping          |     3 |       |       |       |       ||     3
       Held in net/web   |       |       |       |     2 |       ||     2
  Eat: Chunk             |    14 |    11 |    26 |    64 |   112 ||   227
Armor: Robe              |    15 |       |       |       |       ||    15
       Chain mail        |     6 |   141 |   182 |   319 |   274 ||   922
       Plate armour      |       |       |       |     9 |   200 ||   209
Dodge: Dodged            |    50 |    91 |   168 |   352 |   587 ||  1248
       Deflected         |       |       |       |       |    14 ||    14
Block: Other             |       |       |       |       |    81 ||    81
       Reflection        |       |       |       |       |     5 ||     5

Table legend:
 A = Non-vault XP
 B = Vault XP
 C = Vault XP percentage of total XP
 D = Non-vault monster count
 E = Vault monster count
 F = Vault count percentage of total count
                 A         B        C        D         E       F
            +---------+---------+-------+---------+---------+-------
      Total |   80287 |   34635 |  30.1 |     553 |     173 |  23.8
            +---------+---------+-------+---------+---------+-------
        D:1 |      56 |       6 |   9.7 |      26 |       3 |  10.3
        D:2 |      61 |      38 |  38.4 |      18 |       1 |   5.3
        D:3 |      56 |     231 |  80.5 |      22 |       1 |   4.3
        D:4 |     142 |       0 |   0.0 |      17 |       0 |   0.0
        D:5 |     372 |       4 |   1.1 |      25 |       1 |   3.8
        D:6 |    1057 |     631 |  37.4 |      19 |       3 |  13.6
        D:7 |     535 |     255 |  32.3 |      10 |       2 |  16.7
        D:8 |    1627 |    1411 |  46.4 |      26 |       4 |  13.3
        D:9 |    1641 |       8 |   0.5 |      44 |       4 |   8.3
       D:10 |    3546 |       0 |   0.0 |      39 |       0 |   0.0
       D:11 |    2667 |    2745 |  50.7 |      31 |      19 |  38.0
       D:12 |    1153 |       0 |   0.0 |      10 |       0 |   0.0
       D:13 |    4683 |    5460 |  53.8 |      21 |      14 |  40.0
       D:14 |   16547 |    1359 |   7.6 |      52 |       7 |  11.9
     Lair:1 |    4887 |     260 |   5.1 |      19 |       2 |   9.5
     Lair:2 |    2496 |     618 |  19.8 |      11 |       3 |  21.4
     Lair:3 |    8475 |    1909 |  18.4 |      29 |       7 |  19.4
     Lair:4 |    8151 |     323 |   3.8 |      34 |       2 |   5.6
     Lair:5 |    9984 |       0 |   0.0 |      27 |       0 |   0.0
     Lair:6 |    3559 |   11754 |  76.8 |       8 |      35 |  81.4
      Orc:1 |    1762 |       0 |   0.0 |      27 |       0 |   0.0
      Orc:2 |    6830 |    5665 |  45.3 |      38 |      39 |  50.6
     Bailey |       0 |    1958 | 100.0 |       0 |      26 | 100.0
            +---------+---------+-------+---------+---------+-------
